 Dungeon Crawl Stone Soup version 0.22-a0-558-gc224181 (webtiles) character file.

389 Lianjan the Chopper (level 6, -1/56 HPs)
             Began as a Hill Orc Fighter on June 26, 2018.
             Slain by a bone dragon (14 damage)
             ... on level 2 of the Abyss.
             The game lasted 00:07:49 (2793 turns).

Lianjan the Chopper (Hill Orc Fighter)              Turns: 2793, Time: 00:07:49

Health: -1/56      AC: 17    Str: 19    XL:     6   Next: 79%
Magic:  6/6        EV:  3    Int: 10    God:
Gold:   168        SH:  9    Dex: 15    Spells: 5/5 levels left

rFire    . . .     SeeInvis .   a - +1 war axe
rCold    . . .     Gourm    .   c - +0 shield
rNeg     . . .     Faith    .   h - +1 plate armour
rPois    +         Spirit   .   (no helmet)
rElec    .         Reflect  .   (no cloak)
rCorr    .         Harm     .   s - +0 pair of gloves
MR       .....                  d - +2 pair of boots
Stlth    ..........             (no amulet)
HPRegen  0.18/turn              l - ring of poison resistance
MPRegen  0.10/turn              r - +5 ring of dexterity

@: drained
A: no striking features
a: no special abilities


You were on level 2 of the Abyss.
You were hungry.

You visited 1 branch of the dungeon, and saw 3 of its levels.
You visited the Abyss 1 time.

You collected 168 gold pieces.

Inventory:

Hand Weapons
 a - a +1 war axe (weapon)
Missiles
 m - 20 stones (quivered)
Armour
 c - a +0 shield (worn)
 d - a +2 pair of boots (worn)
 h - a +1 plate armour (worn)
 s - a +0 pair of gloves (worn)
Jewellery
 k - an uncursed ring of protection from cold
 l - a ring of poison resistance (left hand)
 r - a +5 ring of dexterity (right hand)
Scrolls
 b - a scroll of remove curse
 e - 2 scrolls of identify
 j - 2 scrolls of fear
Potions
 p - a potion of degeneration
Comestibles
 f - 8 rations


   Skills:
 + Level 5.1(4.5) Fighting
 * Level 6.1(5.6) Axes
 + Level 4.6(4.1) Armour
 + Level 4.6(4.1) Shields


You had 5 spell levels left.
You didn't know any spells.
Your spell library was empty.

Dungeon Overview and Level Annotations

Branches:
Dungeon (3/15)

Altars:
Ashenzari
Elyvilon
Sif Muna
Wu Jian
Zin

Annotations:
D:3 Crazy Yiuf


Message History

You block the bone dragon's attack.
The bone dragon bites you but does no damage.
The bone dragon claws you but does no damage.
The bone dragon tramples you.
You hold your ground!
You hit the bone dragon.
The bone dragon is lightly damaged.
The tormentor calls on the powers of darkness!
The deep elf demonologist convulses!
Your body is wracked with pain!
* * * LOW HITPOINT WARNING * * *
The bone dragon bites you but does no damage.
The bone dragon claws you but does no damage.
You block the bone dragon's attack.
You hit the bone dragon but do no damage.
The bone dragon is lightly damaged.
The bone dragon completely misses you. The bone dragon claws you.
* * * LOW HITPOINT WARNING * * *
You block the bone dragon's attack.
You hit the bone dragon but do no damage.
The bone dragon bites you!
You die...

### # .. ##
# #...#e
...#. # #..
###X#. ..###
## ...#.. '
.###..4...#
..#..24.
.#.## #t#e3
. . . #
###X####..#.
#@D5# ###.
#####


You could see a bone dragon, a deep elf demonologist, a large abomination, a
hellwing, a sixfirhy, a tormentor, a chaos spawn and an ufetubus.

Vanquished Creatures
  3 wights (D:2)
  A crimson imp (D:3)
  Jessica (D:2)
  Natasha (thrice) (D:2)
  8 adders
  3 worms
  2 leopard geckos
  An orc (D:3)
  4 bats
  4 giant cockroaches
  5 goblins
  6 hobgoblins
  A quokka (D:2)
  A ball python (D:3)
  3 frilled lizards
  12 kobolds
  8 rats
66 creatures vanquished.

Notes
Turn   | Place    | Note
-------+----------+-------------------------------------------
     0 | D:1      | Lianjan the Hill Orc Fighter began the quest for the Orb.
     0 | D:1      | Reached XP level 1. HP: 19/19 MP: 1/1
   159 | D:1      | Reached skill level 3 in Axes
   202 | D:1      | Reached XP level 2. HP: 26/27 MP: 2/2
   680 | D:2      | Reached XP level 3. HP: 31/33 MP: 3/3
   763 | D:2      | Reached skill level 4 in Axes
   763 | D:2      | Reached XP level 4. HP: 25/40 MP: 4/4
   992 | D:2      | Noticed Natasha
  1001 | D:2      | Killed Natasha
  1114 | D:2      | Reached XP level 5. HP: 39/47 MP: 5/5
  1352 | D:2      | Noticed Natasha
  1361 | D:2      | Killed Natasha
  1408 | D:2      | Noticed Natasha
  1415 | D:2      | Killed Natasha
  1415 | D:2      | Reached skill level 5 in Axes
  1483 | D:2      | Noticed Jessica
  1879 | D:2      | Killed Jessica
  1879 | D:2      | Reached XP level 6. HP: 53/55 MP: 6/6
  1950 | D:2      | Reached skill level 5 in Fighting
  2242 | D:3      | Reached skill level 6 in Axes
  2341 | D:3      | Found a deep blue altar of Sif Muna.
  2341 | D:3      | Found a glowing silver altar of Zin.
  2341 | D:3      | Found an ornate altar of the Wu Jian Council.
  2341 | D:3      | Found a white marble altar of Elyvilon.
  2353 | D:3      | Found a shattered altar of Ashenzari.
  2546 | D:3      | Found a runed door.
  2614 | D:3      | Noticed Crazy Yiuf
  2616 | D:3      | Cast into level 1 of the Abyss (Crazy Yiuf)
  2686 | Abyss:1  | Noticed a neqoxec
  2728 | Abyss:2  | Noticed a large abomination
  2752 | Abyss:2  | Noticed a large abomination
  2752 | Abyss:2  | Noticed a deep elf demonologist
  2757 | Abyss:2  | Noticed a bone dragon
  2759 | Abyss:2  | Noticed an apocalypse crab
  2762 | Abyss:2  | Noticed an ancient zyme
  2773 | Abyss:2  | Noticed a tormentor
  2783 | Abyss:2  | Noticed a tormentor
  2786 | Abyss:2  | Noticed a hell beast
  2787 | Abyss:2  | Noticed a hellwing
  2788 | Abyss:2  | Noticed a chaos spawn
  2790 | Abyss:2  | Noticed a sixfirhy
  2793 | Abyss:2  | Slain by a bone dragon

Vault maps used:
D:1:      dpeg_arrival_arbitrary_b
D:2:      minmay_bisected, uniq_natasha, uniq_jessica
D:3:      evilmike_ruin_ashenzari, chequers_temple_overflow_statue_of_worship,
          uniq_crazy_yiuf_cottage
Abyss:1:  evilmike_abyss_exit_10
Abyss:2:  minivault_11

Skill      XL: |  1  2  3  4  5  6 |
---------------+-------------------+-----
Axes           | 3 4 5 6 |  6.1
Fighting       | 4 5 |  5.1
Armour         | 4 |  4.6
Shields        | 4 |  4.6

Action                   |  1- 3 |  4- 6 || total
-------------------------+-------+-------++-------
Melee: War axe           |    92 |   174 ||   266
  Use: Potion            |     1 |     4 ||     5
       Scroll            |       |     9 ||     9
  Eat: Chunk             |       |     6 ||     6
Armor: Plate armour      |    58 |   159 ||   217
Dodge: Dodged            |    19 |    36 ||    55
Block: Shield            |    40 |   123 ||   163

Table legend:
 A = Spawn XP
 B = Non-spawn XP
 C = Spawn XP percentage of total XP
 D = Spawn monster count
 E = Non-spawn monster count
 F = Spawn count percentage of total count
 G = Total turns spent on level
                    A         B        C        D         E        F      G
               +---------+---------+-------+---------+---------+-------+---------
         Total |       0 |     556 |   0.0 |       0 |      66 |   0.0 |  2793
               +---------+---------+-------+---------+---------+-------+---------
           D:1 |       0 |      28 |   0.0 |       0 |      17 |   0.0 |   672
           D:2 |       0 |     432 |   0.0 |       0 |      37 |   0.0 |  1323
           D:3 |       0 |      96 |   0.0 |       0 |      12 |   0.0 |   621
               +---------+---------+-------+---------+---------+-------+---------
